 Dungeon Crawl Stone Soup version 0.30.0-29-ga12c61a403 (webtiles) character file.

Game seed: 13326485743494112874

54177 KyoPewz the Thaumaturge (level 15, -3/107 HPs)
             Began as a Djinni Fire Elementalist on June 23, 2023.
             Was the Champion of Makhleb.
             Slain by a komodo dragon (21 damage)
             ... on level 13 of the Dungeon on June 24, 2023.
             The game lasted 02:16:48 (27100 turns).

KyoPewz the Thaumaturge (Djinni Fire Elementalist) Turns: 27100, Time: 02:16:49

Health: -3/107     AC: 14    Str:  9    XL:     15   Next: 13%
Gold:   1754       EV: 17    Int: 21    God:    Makhleb [******] SH:  0 Dex: 15

rFire   + . .        b - +3 falchion of Imuzxase {venom, rElec rC+ Will+}
rCold   + + .        (no shield)
rNeg    . . .        U - +2 leather armour {rC+}
rPois   ∞            e - +0 helmet
rElec   +            x - +1 cloak {Will+}
rCorr   .            v - +0 pair of gloves
SInv    +            (boots unavailable)
Will    ++++.        (no amulet)
Stlth   ++           f - +4 ring of protection
HPRegen 0.37/turn    s - ring "Fapheasom" {Ice Will+ SInv}
MPRegen 0.00/turn

%: infuse magic (-4 HP)
@: flying
A: sickness immunity, fire resistance 2, cold vulnerability 1, float, innate
caster, HP casting, extra vitality 1
a: Renounce Religion, Minor Destruction, Lesser Servant of Makhleb, Major
Destruction, Greater Servant of Makhleb


You were on level 13 of the Dungeon.
You worshipped Makhleb.
Makhleb was exalted by your worship.
You visited 4 branches of the dungeon, and saw 21 of its levels.
You visited 1 bazaar.
You also visited: Ossuary, Bailey and Ice Cave.

You collected 2596 gold pieces.
You spent 842 gold pieces at shops.

Inventory:

Hand Weapons
 a - a +9 flail of freezing
 b - the +3 falchion of Imuzxase (weapon) {venom, rElec rC+ Will+}
   (You found it on level 13 of the Dungeon)

   rC:        It protects you from cold.
   rElec:     It insulates you from electricity.
   Will:      It increases your willpower.
Armour
 e - a +0 helmet (worn)
 v - a +0 pair of gloves (worn)
 x - a +1 cloak of willpower (worn)
 O - an orb of light
 U - a +2 leather armour of cold resistance (worn)
Jewellery
 f - a +4 ring of protection (left hand)
 s - the ring "Fapheasom" (right hand) {Ice Will+ SInv}
   (You acquired it on level 10 of the Dungeon)

   [ring of ice]

   It enhances your ice magic.
   rF:        It makes you vulnerable to fire.
   rC:        It protects you from cold.
   SInv:      It lets you see invisible.
   Will:      It increases your willpower.
 N - a ring of positive energy
Wands
 d - a wand of mindburst (19)
 i - a wand of polymorph (7)
 A - a wand of charming (5)
 D - a wand of digging (6)
 E - a wand of quicksilver (12)
 S - a wand of roots (23)
 W - a wand of flame (11)
Scrolls
 c - a scroll of noise {unknown}
 g - 4 scrolls of fear
 j - 2 scrolls of butterflies
 k - 3 scrolls of magic mapping
 o - a scroll of acquirement
 t - 13 scrolls of teleportation
 w - a scroll of silence
 y - 4 scrolls of poison
 G - a scroll of brand weapon {unknown}
 K - 2 scrolls of immolation
 P - 2 scrolls of amnesia {unknown}
 R - 3 scrolls of enchant armour
 Y - a scroll of fog
Potions
 h - 7 potions of haste
 l - a potion of heal wounds
 m - 4 potions of invisibility
 n - 3 potions of resistance
 p - a potion of cancellation {unknown}
 q - 14 potions of curing
 u - a potion of might {unknown}
 z - 3 potions of attraction
 C - a potion of berserk rage {unknown}
 F - 6 potions of brilliance
 L - 5 potions of lignification
 T - 3 potions of flight {unknown}
 Z - a potion of ambrosia {unknown}
Miscellaneous
 r - a phantom mirror
 B - a piece from Xom's chessboard (15/15)
 H - a box of beasts


   Skills:
 - Level 10.0 Fighting
 + Level 9.0 Maces & Flails
 - Level 7.0 Armour
 * Level 11.4 Dodging
 - Level 1.5 Stealth
 - Level 12.0 Spellcasting
 * Level 8.2 Invocations


You knew the following spells:

 Your Spells              Type           Power      Damage    Failure   Level
a - Foxfire               Conj/Fire      100%       2x1d9     1%          1
b - Scorch                Fire           100%       2d9       1%          2
c - Volatile Blastmotes   Fire/Tloc      100%       2d18      1%          3
d - Inner Flame           Hex/Fire       59%        N/A       1%          3
e - Flame Wave            Conj/Fire      59%        2d14      1%          4
f - Static Discharge      Conj/Air       100%       2-7/arc   1%          2
g - Apportation           Tloc           100%       N/A       1%          1
h - Vhi's Electric Charg  Tloc/Air       100%       N/A       1%          3
i - Irradiate             Conj/Tmut      29%        3d21      1%          5
j - Summon Cactus Giant   Summ           29%        N/A       8%          6
s - Call Imp              Summ           100%       N/A       1%          2
z - Blade Hands           Tmut           29%        N/A       1%          5
Your spell library was empty.

Dungeon Overview and Level Annotations

Branches:
Dungeon (13/15)            Temple (1/1) D:6            Lair (5/5) D:10
 Shoals (0/4) Lair:2        Snake (0/4) Lair:2        Slime (0/5) Lair:4
    Orc (2/2) D:9             Elf (0/3) Orc:2       Ossuary (visited)
 Bailey (visited)           IceCv (visited)
 Vaults: D:13-14

Altars:
Ashenzari
Cheibriados
Dithmenos
Elyvilon
Fedhas
Gozag
Hepliaklqana
Makhleb
Nemelex Xobeh
Okawaru
Qazlal
Ru
Trog
Uskayaw
Wu Jian
Xom
Yredelemnul
Zin
The Shining One
Jiyva

Shops:
D:7 ?   D:8 *   D:9 ([   Orc:2 ([*=

Portals:
Trove: D:13 (give 6 scrolls of blinking)

Annotations:
D:9 1 transporter, Zazubon's ghost, novice TrGl
D:11 4 transporters


Innate Abilities, Weirdness & Mutations

You are immune to sickness and miasma.
You are immune to poison.
Your flesh is very heat resistant. (rF++)
You are vulnerable to cold. (rC-)
You float through the air rather than walking.
You learn spells naturally, not from books.
Your magical power is your life essence.
You have superior vitality. (+4 MHP)


Message History

An iguana comes into view.
You take 6 damage, and have 68/107 hp.
A wave of flame ripples out!
The flame wave engulfs the komodo dragon.
The komodo dragon is lightly wounded.
The flame wave engulfs the komodo dragon!
The komodo dragon is moderately wounded.
The flame wave engulfs the iguana!
The iguana is burned terribly!
You kill the iguana!
Makhleb accepts your kill.
You feel better.
The flame wave engulfs the iguana!
The iguana is severely wounded.
The komodo dragon misses you.
The komodo dragon completely misses you.
The komodo dragon attacks as you move away!
The komodo dragon closely misses you.
Casting: Flame Wave (mildly dangerous; 1% risk of failure)
Confirm with . or Enter, or press ? or * to list all spells.
A cloud of volatile blastmotes flares up around you!
The komodo dragon closely misses you.
You take 2 damage, and have 67/107 hp.
The komodo dragon attacks as you move away!
The komodo dragon closely misses you.
The cloud of blastmotes explodes!
The concussive blast engulfs the komodo dragon!
The komodo dragon is moderately wounded.
The concussive blast engulfs you. You resist.
You are knocked back by the blast.
You take 3 damage, and have 64/107 hp.
The komodo dragon attacks as you move away!
The komodo dragon bites you!
You take 12 damage, and have 53/107 hp.
Casting: Volatile Blastmotes (safe; 1% risk of failure)
Confirm with . or Enter, or press ? or * to list all spells.
A cloud of volatile blastmotes flares up around you!
The komodo dragon bites you! The komodo dragon bites you!!
* * * LOW HITPOINT WARNING * * *
You take 36 damage, and have 18/107 hp.
MASSIVE DAMAGE!!
The komodo dragon attacks as you move away!
The komodo dragon bites you!!
You die...

#.........#
#.#########
#.########
###.........
#≈≈≈≈.......
##≈≈≈.######
###≈..#
########~.##
#.l.ll.#≈@#
#...###.#ll##
#..##
#.≈l≈≈≈# #≈.
####~≈≈# #≈~
#†≈≈## ~~
#~≈## # ##†#
..# ....


You could see 2 komodo dragons and an iguana.

Vanquished Creatures
  An orc warlord (Orc:1)
  2 hydras
  2 boulder beetles
  2 two-headed ogres
  3 orc high priests
  Lodul (D:11)
  2 skysharks (Lair:4)
  2 bog bodies (IceCv)
  4 orc sorcerers
  6 orc knights
  6 cyclopes
  2 merfolk sirens (Lair:2)
  Joseph (D:7)
  3 black mambas
  12 cane toads
  Maggie (D:8)
  3 unseen horrors
  An ice statue (IceCv)
  8 komodo dragons
  4 rime drakes
  2 anaconda simulacra (IceCv)
  3 trolls
  A polar bear (Lair:2)
  10 blink frogs
  A shadow (D:8)
  2 vampires
  4 wyverns
  3 wraiths
  43 yaks
  A water elemental (D:13)
  A dire elephant simulacrum (IceCv)
  2 steam dragons (D:8)
  2 basilisks
  A hog (shapeshifter) (D:12)
  Grum (D:9)
  11 vampire mosquitoes
  A harpy simulacrum (IceCv)
  An acid dragon (D:11)
  4 nagas (Lair:2)
  A hydra simulacrum (IceCv)
  2 wargs (Orc:2)
  13 water moccasins
  4 sky beasts
  43 orc warriors
  A black bear (Lair:2)
  An ice beast (D:8)
  14 ogres
  11 wolves
  7 centaurs
  2 kobold brigands (D:10)
  2 gnoll sergeants
  9 bullfrogs
  3 cane toad simulacra (IceCv)
  3 scorpions
  2 two-headed ogre simulacra (IceCv)
  2 water moccasin zombies (Ossuary)
  19 wights
  An elephant simulacrum (IceCv)
  4 killer bees (D:10)
  6 howler monkeys
  2 electric eels (Lair:2)
  23 orc priests
  4 hounds
  Crazy Yiuf (D:2)
  12 jellies
  Terence (D:3)
  A sleepcap (D:5)
  Jessica (D:3)
  7 iguanas
  24 orc wizards
  12 spriggan simulacra (IceCv)
  7 troll simulacra (IceCv)
  2 polar bear simulacra (IceCv)
  2 wolf simulacra (IceCv)
  Robin (D:3)
  2 mummies (Ossuary)
  9 gnolls
  14 adders
  6 naga simulacra (IceCv)
  4 white imps (IceCv)
  6 ufetubi (IceCv)
  2 adder zombies (Ossuary)
  2 worms (D:2)
  3 dart slugs
  111 orcs
  2 ball pythons
  7 endoplasms
  3 giant cockroaches
  23 goblins
  12 hobgoblins
  3 jackals (D:2)
  3 quokkas
  6 bats
  12 frilled lizards
  A gnoll zombie (Ossuary)
  6 hobgoblin zombies (Ossuary)
  20 kobolds
  6 kobold zombies (Ossuary)
  6 orc zombies (Ossuary)
  9 rats
  A spectral goblin (D:3)
689 creatures vanquished.

Vanquished Creatures (collateral kills)
  An orc knight (Orc:2)
  A yak (Lair:4)
  A centaur (D:8)
  4 foxfires
7 creatures vanquished.

Vanquished Creatures (others)
  1913 foxfires
1913 creatures vanquished.

Grand Total: 2609 creatures vanquished

Notes
Turn   | Place    | Note
-------+----------+-------------------------------------------
     0 | D:1      | KyoPewz the Djinni Fire Elementalist began the quest for
                  | the Orb.
     0 | D:1      | KyoPewz set off with the following spells memorised:
                  | Foxfire, Scorch, Volatile Blastmotes, Inner Flame, Flame
                  | Wave.
     0 | D:1      | Reached XP level 1. HP: 15/15 MP: 0/0
   333 | D:1      | Reached XP level 2. HP: 19/21 MP: 0/0
   886 | D:1      | Reached skill level 3 in Spellcasting
  1315 | D:2      | Reached XP level 3. HP: 19/25 MP: 0/0
  1315 | D:2      | Learned a level 1 spell: Apportation
  1722 | D:2      | Identified the +1 war axe "Jochao Denit" {pain, Will+
                  | Stlth+}
  1771 | D:2      | Reached XP level 4. HP: 29/31 MP: 0/0
  2095 | D:2      | Found a runed translucent door.
  2096 | D:2      | Noticed Crazy Yiuf
  2106 | D:2      | Killed Crazy Yiuf
  2107 | D:2      | Reached skill level 4 in Spellcasting
  2395 | D:3      | Noticed Terence
  2401 | D:3      | Killed Terence
  2402 | D:3      | Reached XP level 5. HP: 26/35 MP: 0/0
  2402 | D:3      | Learned a level 2 spell: Static Discharge
  2526 | D:3      | Noticed Jessica
  2534 | D:3      | Killed Jessica
  2600 | D:3      | Found a hazy altar of Hepliaklqana.
  2757 | D:3      | Reached XP level 6. HP: 39/40 MP: 0/0
  2763 | D:3      | Noticed Robin
  2778 | D:3      | Killed Robin
  2783 | D:3      | Reached skill level 5 in Spellcasting
  3730 | D:4      | Noticed an ogre
  3734 | D:4      | Killed an ogre
  3735 | D:4      | Reached XP level 7. HP: 40/45 MP: 0/0
  3735 | D:4      | Learned a level 2 spell: Call Imp
  3774 | D:4      | Reached skill level 6 in Spellcasting
  3913 | D:5      | Entered Level 5 of the Dungeon
  4050 | D:5      | Found a sacrificial altar of Ru.
  4232 | D:5      | Reached XP level 8. HP: 36/50 MP: 0/0
  4238 | D:5      | Reached skill level 7 in Spellcasting
  4422 | D:5      | Found a glowing golden altar of the Shining One.
  4926 | D:6      | Found a staircase to the Ecumenical Temple.
  4977 | D:6      | Found an iron altar of Okawaru.
  4994 | D:6      | Found a white marble altar of Elyvilon.
  5672 | D:7      | Noticed Joseph
  5678 | D:7      | Killed Joseph
  5679 | D:7      | Reached skill level 8 in Spellcasting
  5857 | D:7      | Reached XP level 9. HP: 43/55 MP: 0/0
  5857 | D:7      | Learned a level 3 spell: Vhi's Electric Charge
  5945 | Temple   | Entered the Ecumenical Temple
  5973 | Temple   | Became a worshipper of Makhleb the Destroyer
  6090 | D:7      | Found Niloc's Magic Scroll Boutique.
  6098 | D:7      | Bought a scroll of identify for 26 gold pieces
  6098 | D:7      | Bought a scroll of identify for 26 gold pieces
  6098 | D:7      | Bought a scroll of butterflies for 52 gold pieces
  6098 | D:7      | Bought a scroll of identify for 26 gold pieces
  6098 | D:7      | Bought a scroll of fear for 52 gold pieces
  6098 | D:7      | Bought a scroll of identify for 26 gold pieces
  6098 | D:7      | Bought a scroll of enchant armour for 97 gold pieces
  6098 | D:7      | Identified a scroll of acquirement
  6154 | D:7      | Found a blossoming altar of Fedhas.
  6264 | D:7      | Reached skill level 9 in Spellcasting
  6920 | D:8      | Reached skill level 10 in Spellcasting
  7122 | D:8      | Reached XP level 10. HP: 37/60 MP: 0/0
  7178 | D:8      | Noticed Maggie
  7180 | D:8      | Found a sand-covered staircase.
  7185 | Ossuary  | Entered an ossuary
  7295 | Ossuary  | Reached * piety under Makhleb
  7596 | D:8      | Killed Maggie
  7596 | D:8      | Reached ** piety under Makhleb
  7597 | D:8      | Reached skill level 11 in Spellcasting
  8399 | D:8      | Found Cotuigg's General Store.
  8762 | D:9      | Found a transporter.
  8991 | D:9      | Found Tuocuf's Armour Shop.
  8991 | D:9      | Found a staircase to the Orcish Mines.
  8991 | D:9      | Found Gack's Weapon Shop.
  9008 | D:9      | Reached skill level 12 in Spellcasting
  9030 | D:9      | Noticed Zazubon's ghost (novice TrGl)
  9030 | D:9      | Noticed a two-headed ogre
  9030 | D:9      | Noticed a two-headed ogre
  9146 | D:9      | Noticed a two-headed ogre
  9149 | D:9      | Identified the +7 giant club "Newtslayer" {drain, rPois
                  | Str+7 Int-5 Stlth+}
  9149 | D:9      | Noticed a two-headed ogre
  9405 | D:9      | Noticed Grum
  9406 | D:9      | Reached skill level 1 in Fighting
  9407 | D:9      | Reached skill level 1 in Armour
  9407 | D:9      | Reached XP level 11. HP: 66/68 MP: 0/0
  9407 | D:9      | Learned a level 5 spell: Irradiate
  9413 | D:9      | Killed Grum
  9981 | D:10     | Entered Level 10 of the Dungeon
  9995 | D:10     | Found a staircase to the Lair.
 10220 | D:10     | Found a flagged portal.
 10288 | Bailey   | Entered a bailey
 10297 | Bailey   | Reached *** piety under Makhleb
 10731 | Bailey   | Noticed an orc knight
 10751 | Bailey   | Killed an orc knight
 10752 | Bailey   | Reached skill level 5 in Fighting
 10982 | D:10     | Noticed a two-headed ogre
 10992 | D:10     | Killed a two-headed ogre
 11368 | D:10     | Reached skill level 5 in Dodging
 11544 | D:10     | Acquired the ring "Fapheasom" {Ice Will+ SInv}
 11744 | D:10     | Reached **** piety under Makhleb
 12009 | D:11     | Reached skill level 1 in Maces & Flails
 12010 | D:11     | Reached XP level 12. HP: 47/84 MP: 0/0
 12029 | D:11     | Found a transporter.
 12033 | D:11     | Found a transporter.
 12190 | D:11     | You are sucked into a shaft and drop 1 floor!
 12247 | D:11     | Reached skill level 5 in Armour
 12290 | D:11     | Found a flickering gateway to a bazaar.
 12310 | Bazaar   | Entered a bazaar
 12426 | Bazaar   | Found Neiqas's Weapon Shoppe.
 12426 | Bazaar   | Found Baiw's General Store.
 12448 | Bazaar   | Found Koheb's Jewellery Shoppe.
 12448 | Bazaar   | Found Bunweco's Jewellery Emporium.
 12470 | Bazaar   | Found Xerphiu's Antique Armour Shoppe.
 12561 | Bazaar   | Bought a ring of resist corrosion for 200 gold pieces
 12807 | D:11     | Found a transporter.
 12854 | D:11     | Noticed a two-headed ogre
 12867 | D:11     | Killed a two-headed ogre
 13387 | D:11     | Noticed Lodul
 13553 | Lair:1   | Entered Level 1 of the Lair of Beasts
 15053 | Lair:2   | Noticed a four-headed hydra
 15072 | Lair:2   | Killed a four-headed hydra
 15311 | Lair:2   | Reached XP level 13. HP: 80/94 MP: 0/0
 15311 | Lair:2   | Learned a level 5 spell: Blade Hands
 15408 | Lair:2   | Reached ***** piety under Makhleb
 15431 | Lair:2   | Found a staircase to the Shoals.
 15683 | Lair:2   | Found a staircase to the Snake Pit.
 15726 | Lair:2   | Reached skill level 10 in Fighting
 15979 | Lair:2   | Reached skill level 5 in Maces & Flails
 16526 | Lair:3   | Saving game... please wait.
 17232 | Lair:3   | Reached skill level 1 in Invocations
 17865 | Lair:4   | Noticed a four-headed hydra
 17881 | Lair:4   | Killed a four-headed hydra
 18537 | Lair:4   | Reached XP level 14. HP: 103/103 MP: 0/0
 18604 | Lair:4   | Found a viscous altar of Jiyva.
 18605 | Lair:4   | Found a staircase to the Slime Pits.
 19069 | Lair:5   | Entered Level 5 of the Lair of Beasts
 19583 | Orc:1    | Entered Level 1 of the Orcish Mines
 19817 | Orc:1    | You are sucked into a shaft and drop 1 floor!
 19817 | Orc:2    | Entered Level 2 of the Orcish Mines
 20422 | Orc:1    | Reached skill level 5 in Invocations
 20727 | Orc:2    | Reached ****** piety under Makhleb
 21180 | Orc:2    | Noticed an orc warlord
 22104 | Orc:2    | Found a staircase to the Elven Halls.
 22382 | Orc:1    | Killed an orc warlord
 22602 | Orc:2    | Reached skill level 10 in Dodging
 23527 | Orc:2    | Found Boungaz's General Store.
 23528 | Orc:2    | Found Xexeun's Jewellery Shoppe.
 23530 | Orc:2    | Found Koror's Antique Armour Shoppe.
 23530 | Orc:2    | Found Wabihaom's Antique Weapon Emporium.
 23535 | Orc:2    | Bought a potion of curing for 33 gold pieces
 23664 | Orc:2    | Bought a jewelled chain mail for 304 gold pieces
 23664 | Orc:2    | Identified the +6 chain mail of Oblivion {rN+} (You bought
                  | it in a shop on level 2 of the Orcish Mines)
 24503 | D:11     | Killed Lodul
 24710 | D:11     | Found a transporter.
 25635 | D:13     | Found a portal to a secret trove of treasure.
 25664 | D:13     | Identified the +3 falchion of Imuzxase {venom, rElec rC+
                  | Will+}
 25756 | D:13     | Found a frozen archway.
 25807 | IceCv    | Entered an ice cave
 25989 | IceCv    | Reached XP level 15. HP: 92/107 MP: 0/0
 25989 | IceCv    | Learned a level 6 spell: Summon Cactus Giant
 27100 | D:13     | Slain by a komodo dragon

Illustrated notes

Levels and vault maps discovered:
D:1:      dpeg_arrival_court, layout_basic, serial_corexii_hall,
          chequers_hall_statues_corner_a, corexii_hall_statues_u,
          chequers_hall_statues_wall_a, corexii_leaking_fountain
D:2:      layout_basic, kennysheep_decorative_pillar, supply_closet_lemuel,
          uniq_crazy_yiuf_cottage
D:3:      layout_rooms, nicolae_hepliaklqana_monster_ancestors, uniq_jessica,
          uniq_robin, uniq_terence
D:4:      layout_basic, grunt_ministairs_4
D:5:      layout_rooms, mainiacjoe_overflow_boulevard, lemuel_tele_altar,
          water_maze_lemuel
D:6:      layout_basic, elyvilon_altar_5, kennysheep_okawaru_gauntlet,
          minmay_temple_entry_proselytizer
D:7:      layout_basic, mainiacjoe_overflow_paths, serial_shops, shop,
          uniq_joseph
D:8:      layout_rooms, mainiacjoe_overflow_tiny_flanked, serial_shops,
          nicolae_shop_tiny_waterfront, enter_ossuary_2, hangedman_misty_isle,
          uniq_maggie
D:9:      layout_basic, orc_david_3, gammafunk_ghost_smash, bh_walls_and_bars,
          uniq_grum
D:10:     layout_basic, lair_entry_dummy, enter_bailey_5
D:11:     layout_loops_corners, serial_shops, bzr_entry_islet,
          nicolae_diode_intersection, uniq_lodul
D:12:     layout_cave_pods
D:13:     lemuel_reptile_caves, layout_basic, nicolae_trove_entry_crossroad,
          portal_ice_cave_entry_pillars_1, nicolae_shop_firing_range
Temple:   eino_wide_crystal_templ
Lair:1:   layout_roguey, serial_bayou_shore_a, infiniplex_staircase_pool_2
Lair:2:   nzn_winding_woodlands_medium [nzn_winding_woodlands_5x5_open_star,
          nzn_winding_woodlands_5x15_crooked,
          nzn_winding_woodlands_5x5_closed_star,
          nzn_winding_woodlands_5x5_three, nzn_winding_woodlands_center_lodge,
          nzn_winding_woodlands_hourglass, nzn_winding_woodlands_5x5_cross,
          nzn_winding_woodlands_5x15_zeroes, nzn_winding_woodlands_5x5_default],
          layout_cave_pods, elwin_shoals_entry_rooms,
          minmay_snake_entry_guardpost_small, chequers_serial_rivers_micro_b
Lair:3:   layout_chaotic_city
Lair:4:   layout_cave_pods, minmay_slime_entry_jelly_boxes,
          grunt_forest_small_clearings
Lair:5:   hellmonk_lair_end_abyssal_woods, layout_regular_city,
          lemuel_fruit_fields, grunt_megastairs_3, uniq_rupert
Orc:1:    layout_caves, basic_altar
Orc:2:    st_orc_congregation, layout_caves, nicolae_orc_stony_grotto

Skill      XL: |  1  2  3  4  5  6  7  8  9 10 11 12 13 14 15 |
---------------+----------------------------------------------+-----
Spellcasting   | 3 4 5 6 8 10 12 | 12.0
Fighting       | 2 6 9 10 | 10.0
Armour         | 1 4 6 7 |  7.0
Dodging        | 5 7 8 11 | 11.4
Maces & Flails | 1 3 7 8 9 |  9.0
Invocations    | 3 7 8 |  8.2
Stealth        | |  1.5

Action                     |  1- 3 |  4- 6 |  7- 9 | 10-12 | 13-15 || total
---------------------------+-------+-------+-------+-------+-------++-------
  Melee: Dagger            |     4 |     3 |    21 |    13 |       ||    41
         Flail             |       |       |       |       |    19 ||    19
  Throw: Dart              |       |       |       |     3 |       ||     3
   Cast: Foxfire           |    64 |   115 |   103 |   247 |   590 ||  1119
         Scorch            |     3 |    19 |    47 |   207 |   259 ||   535
         Flame Wave        |       |     1 |     3 |    14 |    36 ||    54
         Volatile Blastmot |       |     1 |     1 |    31 |   101 ||   134
         Call Imp          |       |       |     4 |     2 |     1 ||     7
         Inner Flame       |       |       |     5 |     3 |     1 ||     9
         Vhi's Electric Ch |       |       |       |     1 |     1 ||     2
         Static Discharge  |       |       |       |     7 |       ||     7
         Irradiate         |       |       |       |     3 |     2 ||     5
         Blade Hands       |       |       |       |       |     1 ||     1
 Invoke: Lesser Servant of |       |       |       |       |     2 ||     2
  Evoke: Wand              |       |       |       |     1 |     5 ||     6
    Use: Scroll            |       |       |    10 |    15 |     4 ||    29
         Potion            |       |       |       |     3 |     5 ||     8
 Armour: Robe              |     1 |     7 |    11 |       |       ||    19
         Leather armour    |       |       |     5 |    88 |   108 ||   201
  Dodge: Dodged            |     6 |    27 |    28 |   132 |   213 ||   406
